 Dungeon Crawl Stone Soup version 0.27.1-1-g398f81649c (webtiles) character file.

Game seed: 5502354965560734404

6069 karkarkar the Severer (level 10, 0/91 HPs)
             Began as a Hill Orc Fighter on Sept 16, 2021.
             Was an Initiate of Beogh.
             Slain by a cyan ugly thing (15 damage)
             ... on level 7 of the Dungeon on Sept 17, 2021.
             The game lasted 00:40:10 (14146 turns).

karkarkar the Severer (Hill Orc Fighter)           Turns: 14146, Time: 00:40:10

Health: 0/91       AC: 15    Str: 23    XL:     10   Next: 87%
Magic:  10/10      EV:  5    Int:  8    God:    Beogh [......]
Gold:   272        SH:  9    Dex: 10    Spells: 9/9 levels left

rFire    + . .     SeeInvis .   a - +0 war axe (elec)
rCold    + . .     Faith    .   c - +0 kite shield
rNeg     . . .     Spirit   .   D - +1 plate armour
rPois    .         Reflect  .   p - +2 helmet
rElec    .         Harm     .   A - scarf {rC+ rF+}
rCorr    +         Rampage  .   (no gloves)
Will     +....                  (no boots)
Stlth    ..........             (no amulet)
HPRegen  0.25/turn              g - ring of resist corrosion
MPRegen  0.12/turn              t - ring of willpower

@: no status effects
A: no striking features
a: Renounce Religion


You were on level 7 of the Dungeon.
You worshipped Beogh.
Beogh was noncommittal.
You visited 1 branch of the dungeon, and saw 8 of its levels.

You collected 332 gold pieces.
You spent 60 gold pieces at shops.

Inventory:

Hand Weapons
 a - a +0 war axe of electrocution (weapon)
 s - a +1 dagger of holy wrath
Missiles
 h - 4 javelins (quivered)
 j - 20 poisoned darts
 z - a curare-tipped dart
Armour
 c - a +0 kite shield (worn)
 p - a +2 helmet (worn)
 y - the +0 buckler of Time Monsters {rElec rN+ Int+6 Dex-3}
   (You found it on level 6 of the Dungeon)

   Int:       It affects your intelligence (+6).
   Dex:       It affects your dexterity (-3).
   rElec:     It insulates you from electricity.
   rN:        It protects you from negative energy.
 A - a scarf of resistance (worn)
 D - a +1 plate armour (worn)
Jewellery
 g - a ring of resist corrosion (left hand)
 t - a ring of willpower (right hand)
 u - a ring of willpower
Wands
 b - a wand of polymorph (8)
 o - a wand of flame (53)
 B - a wand of charming (4)
Scrolls
 e - 5 scrolls of blinking
 i - 2 scrolls of magic mapping
 l - 3 scrolls of immolation
 m - 4 scrolls of teleportation
 n - a scroll of holy word {unknown}
 r - a scroll of fear
 v - a scroll of noise
 w - a scroll of amnesia {unknown}
 C - a scroll of enchant armour
Potions
 d - a potion of might
 f - a potion of heal wounds
 k - a potion of attraction
 q - 3 potions of curing
 x - a potion of berserk rage {unknown}
 E - a potion of magic {unknown}


   Skills:
 + Level 9.0 Fighting
 * Level 16.0 Axes
 + Level 3.6 Throwing
 - Level 3.3 Armour
 + Level 2.6 Dodging
 + Level 1.5 Stealth
 - Level 4.0 Shields
 + Level 0.4 Evocations


You had 9 spell levels left.
You didn't know any spells.
Your spell library contained the following spells:

 Spells                   Type           Power      Damage    Failure   Level
 Ozocubu's Armour         Ice            0%         N/A       100%        3
 Summon Lightning Spire   Summ/Air       0%         N/A       100%        4
 Ozocubu's Refrigeration  Ice            0%         4d5       100%        7
 Storm Form               Tmut/Air       0%         N/A       100%        7
 Maxwell's Capacitive Co  Air            0%         ∞         100%        8


Dungeon Overview and Level Annotations

Branches:
Dungeon (8/15)             Temple (0/1) D:5
   Lair: D:8-11

Altars:
Elyvilon
Gozag
Hepliaklqana
Kikubaaqudgha
Makhleb
Nemelex Xobeh
Qazlal
Ru
Sif Muna
Trog
Zin
The Shining One
Beogh

Shops:
D:3 !

Portals:
Abyss: D:5

Annotations:
D:3 1 runed translucent door, Crazy Yiuf
D:4 Dowan, Duvessa
D:5 2 transporters, PewDiePie's ghost, amateur TrMo
D:6 3 runed translucent doors, orcs, Yajnam's ghost, amateur MiWn


Message History

The cyan ugly thing barely misses you.
You slash the cyan ugly thing!
The cyan ugly thing is heavily wounded.
The cyan ugly thing pecks you! The cyan ugly thing shocks you!
You closely miss the cyan ugly thing.
The cyan ugly thing is heavily wounded.
You block the cyan ugly thing's attack.
You slice the cyan ugly thing!!
The cyan ugly thing is almost dead.
The cyan ugly thing pecks you but does no damage.
Your plate armour prevents you from hitting the cyan ugly thing.
The cyan ugly thing is almost dead.
The cyan ugly thing pecks you but does no damage.
You hit the cyan ugly thing but do no damage.
The cyan ugly thing is almost dead.
The cyan ugly thing pecks you. The cyan ugly thing shocks you!
You are too injured to fight recklessly!
You are too injured to fight recklessly!
You hit the cyan ugly thing but do no damage.
The cyan ugly thing is almost dead.
You hit the cyan ugly thing but do no damage.
The cyan ugly thing is almost dead.
You block the cyan ugly thing's attack.
You barely miss the cyan ugly thing.
The cyan ugly thing is almost dead.
The cyan ugly thing closely misses you.
You closely miss the cyan ugly thing.
The cyan ugly thing is almost dead.
The cyan ugly thing pecks you.
* * * LOW HITPOINT WARNING * * *
The cyan ugly thing shocks you!
* * * LOW HITPOINT WARNING * * *
You block the cyan ugly thing's attack.
You climb upwards.
There is a stone staircase leading down here.
Okay, then.
You feel better. The cyan ugly thing pecks you.
* * * LOW HITPOINT WARNING * * *
The cyan ugly thing shocks you!
You die...

#.# #.# #.#
#.#####.### #.#
#.........# #.#
#..######.# #.#
#..# #.# #.#
#..# #.#
######.# #..#
#.# #......#
...#
##.######.######
#### #.#.....u@#
##.######## ###


You could see a cyan ugly thing.

Vanquished Creatures
  A deep elf pyromancer (D:7)
  A cyclops (D:7)
  A wraith (D:7)
  A basilisk (D:7)
  4 water moccasins
  4 orc warriors
  A hornet zombie (D:7)
  3 ice beasts
  6 sky beasts
  3 ogres
  4 centaurs
  2 phantoms
  A kobold brigand (D:6)
  2 bullfrogs (D:8)
  A scorpion (D:4)
  2 killer bees (D:8)
  16 wights
  A vampire bat (D:4)
  4 centaur zombies
  5 jellies
  An orc priest (D:8)
  4 hounds
  Ijyb (D:3)
  Jessica (D:3)
  A centaur skeleton (D:6)
  4 iguanas
  11 orc wizards
  A killer bee zombie (D:6)
  2 hound skeletons
  A howler monkey zombie (D:8)
  Robin (D:3)
  4 adders
  A gnoll (D:1)
  2 shadow imps
  3 white imps
  An adder skeleton (D:4)
  A worm (D:2)
  4 dart slugs
  3 fire bats (D:4)
  36 orcs
  2 spectral bats (D:4)
  3 bat skeletons (D:4)
  A bat zombie (D:4)
  4 endoplasms
  4 giant cockroaches
  17 goblins
  14 hobgoblins
  4 jackals (D:1)
  16 kobolds
  2 quokkas (D:1)
  4 ball pythons
  14 bats
  A bat simulacrum (D:4)
  3 frilled lizards (D:1)
  5 rats
240 creatures vanquished.

Vanquished Creatures (others)
  An orc (D:6)
  12 plants (D:3)
13 creatures vanquished.

Grand Total: 253 creatures vanquished

Notes
Turn   | Place    | Note
-------+----------+-------------------------------------------
     0 | D:1      | karkarkar the Hill Orc Fighter began the quest for the Orb.
     0 | D:1      | Reached XP level 1. HP: 19/19 MP: 1/1
    65 | D:1      | Reached skill level 3 in Axes
   196 | D:1      | Reached XP level 2. HP: 27/27 MP: 2/2
   482 | D:1      | Found a faded altar of an unknown god.
   780 | D:1      | Reached XP level 3. HP: 28/33 MP: 3/3
  1354 | D:2      | Reached skill level 4 in Axes
  1503 | D:2      | Reached XP level 4. HP: 38/41 MP: 4/4
  2628 | D:3      | Noticed Robin
  2968 | D:2      | Reached skill level 5 in Axes
  3119 | D:3      | Reached XP level 5. HP: 47/47 MP: 5/5
  3141 | D:3      | Found a runed translucent door.
  3142 | D:3      | Noticed Crazy Yiuf
  3263 | D:3      | Found Xoq Cofruw's Distillery.
  3339 | D:3      | Found a burning altar of Makhleb.
  3339 | D:3      | Noticed a cacodemon
  3432 | D:3      | Noticed Ijyb
  3444 | D:3      | Killed Ijyb
  3445 | D:3      | Reached skill level 6 in Axes
  3709 | D:3      | Found an opulent altar of Gozag.
  3935 | D:3      | Noticed Jessica
  3941 | D:3      | Killed Jessica
  3976 | D:3      | Killed Robin
  4309 | D:3      | Bought 2 potions of curing for 60 gold pieces
  4590 | D:4      | Found a sacrificial altar of Ru.
  4694 | D:4      | Reached skill level 1 in Throwing
  4694 | D:4      | Reached XP level 6. HP: 50/53 MP: 6/6
  4868 | D:4      | Reached skill level 7 in Axes
  4868 | D:4      | Reached skill level 1 in Dodging
  5040 | D:4      | Noticed Duvessa
  5040 | D:4      | Noticed Dowan
  5136 | D:4      | Reached skill level 8 in Axes
  5136 | D:4      | Reached XP level 7. HP: 42/60 MP: 7/7
  5546 | D:4      | Found a shimmering blue altar of Sif Muna.
  5551 | D:4      | Reached skill level 5 in Fighting
  6209 | D:5      | Entered Level 5 of the Dungeon
  6214 | D:5      | Reached skill level 9 in Axes
  6222 | D:5      | Found a staircase to the Ecumenical Temple.
  6428 | D:5      | Reached XP level 8. HP: 65/69 MP: 8/8
  6490 | D:5      | Found a transporter.
  6509 | D:5      | Found a transporter.
  6515 | D:5      | Found a one-way gate to the infinite horrors of the Abyss.
  6515 | D:5      | Noticed PewDiePie's ghost (amateur TrMo)
  6525 | D:5      | Noticed a toenail golem
  6633 | D:5      | Reached skill level 10 in Axes
  6727 | D:5      | Found a white marble altar of Elyvilon.
  7209 | D:6      | Found a runed translucent gate.
  7209 | D:6      | Found a runed translucent gate.
  7226 | D:6      | Identified the +0 buckler of Time Monsters {rElec rN+ Int+6
                  | Dex-3}
  7240 | D:6      | Found a hazy altar of Hepliaklqana.
  7315 | D:6      | Reached skill level 11 in Axes
  7587 | D:6      | Reached XP level 9. HP: 70/78 MP: 9/9
  7673 | D:6      | Reached skill level 12 in Axes
  8167 | D:6      | Found a runed translucent gate.
  8169 | D:6      | Noticed Yajnam's ghost (amateur MiWn)
  8605 | D:6      | Found a runed translucent door.
  9301 | D:7      | Found a stormy altar of Qazlal.
  9316 | D:7      | Reached skill level 13 in Axes
  9393 | D:7      | Reached skill level 1 in Stealth
  9798 | D:7      | Noticed a deep elf pyromancer
  9804 | D:7      | Killed a deep elf pyromancer
  9805 | D:7      | Reached skill level 14 in Axes
  9858 | D:7      | Reached XP level 10. HP: 67/88 MP: 10/10
 10934 | D:7      | Noticed a cyclops
 11620 | D:7      | Reached skill level 15 in Axes
 11706 | D:7      | Killed a cyclops
 12328 | D:6      | Became a worshipper of Beogh the Brigand
 12375 | D:6      | Found a roughly hewn altar of Beogh.
 13025 | D:8      | Noticed a two-headed ogre
 13346 | D:8      | Reached skill level 16 in Axes
 13389 | D:8      | Noticed a centaur warrior
 13748 | D:8      | Found a glowing golden altar of the Shining One.
 13748 | D:8      | Found a glowing silver altar of Zin.
 13755 | D:8      | Found a sparkling altar of Nemelex Xobeh.
 13757 | D:8      | Found an ancient bone altar of Kikubaaqudgha.
 13759 | D:8      | Found a bloodstained altar of Trog.
 14121 | D:8      | Noticed a cyan ugly thing
 14146 | D:7      | Slain by a cyan ugly thing

Illustrated notes

Levels and vault maps discovered:
D:1:      minmay_arrival_jagged, layout_basic,
          shapermc_ecumenical_altar_mp_highgroup
D:2:      layout_basic
D:3:      layout_loops_ring, mainiacjoe_overflow_alcove_4,
          makhleb_altar_promises_db, serial_shops, nicolae_square_shop,
          nrook_uturn, chequers_big_river, uniq_robin, uniq_crazy_yiuf_cottage,
          uniq_jessica, uniq_ijyb
D:4:      layout_loops_ring, mainiacjoe_overflow_alcove_1,
          kennysheep_orc_sif_temple, goddamned_bats, uniq_duvessa
D:5:      layout_cave_pools, elyvilon_altar_3, minmay_temple_entry_mini_moons,
          gammafunk_ghost_abyssal_escape
D:6:      layout_basic, lemuel_crystal_altar, gammafunk_ghost_necromancy,
          lightli_church_of_beogh
D:7:      minmay_slanted_spiral_squares, layout_loops_ring,
          nicolae_qazlal_style_of_elements
D:8:      nzn_winding_woodlands_three_and_one [nzn_winding_woodlands_5x15_cabin,
          nzn_winding_woodlands_5x15_river_crossing,
          nzn_winding_woodlands_5x15_longhouse,
          nzn_winding_woodlands_center_pierced_h], layout_loops_ring,
          chequers_temple_overflow_minitemple, grunt_ministairs_12

Skill      XL: |  1  2  3  4  5  6  7  8  9 10 |
---------------+-------------------------------+-----
Axes           | 3 4 5 6 8 9 11 14 16 | 16.0
Fighting       | 4 5 6 7 9 |  9.0
Throwing       | 1 2 3 |  3.6
Dodging        | 1 2 |  2.6
Shields        | 4 |  4.0
Stealth        | 1 |  1.5
Armour         | |  3.3
Evocations     | |  0.4

Action                   |  1- 3 |  4- 6 |  7- 9 | 10-12 || total
-------------------------+-------+-------+-------+-------++-------
Melee: War axe           |   124 |   142 |   325 |   229 ||   820
Throw: Javelin           |       |     7 |     6 |    15 ||    28
       Dart              |       |    17 |    16 |    39 ||    72
       Throwing net      |       |     1 |       |       ||     1
Invok: Convert to Beogh  |       |       |       |     1 ||     1
Evoke: Wand              |       |       |     4 |       ||     4
  Use: Scroll            |     1 |     4 |     3 |     4 ||    12
       Potion            |       |     2 |       |     4 ||     6
Armor: Scale mail        |    76 |    66 |   202 |     4 ||   348
       Plate armour      |       |       |       |   146 ||   146
Dodge: Dodged            |    52 |    39 |   100 |    48 ||   239
Block: Kite shield       |    46 |    72 |   165 |   130 ||   413
